 Dungeon Sprint DCSS version 0.19.1 (webtiles) character file.

405 equalderp2856 the Gouger (level 6, 0/33 HPs)
             Began as a Felid Fighter on Dec 3, 2016.
             Was a Priest of Lugonu.
             Slain by a centaur warrior (12 damage)
             ... in the Dungeon (Sprint IX: "|||||||||||||||||||||||||||||").
             The game lasted 00:03:22 (479 turns).

equalderp2856 the Gouger (Felid Fighter)             Turns: 479, Time: 00:03:22

Health: 0/33       AC:  2    Str: 13    XL:     6   Next: 56%
Magic:  7/7        EV: 26    Int:  9    God:    Lugonu [***...]
Gold:   0          SH:  0    Dex: 17    Spells: 0 memorised, 5 levels left
                                        Lives:  0   Deaths: 1

rFire  . . .     SeeInvis +       - Unarmed
rCold  . . .     Gourm    .     (armour unavailable)
rNeg   . . .     Faith    .     (shield unavailable)
rPois  .         Spirit   .     (helmet unavailable)
rElec  .         Reflect  .     (cloak unavailable)
rCorr  .         Harm     .     (gloves unavailable)
MR     .....     NoTele   +     (boots unavailable)
Stlth  ++........               (no amulet)
                                (no ring)
                                (no ring)

@: quick
A: no armour, no weapons or thrown items, stealth, claws 1, fangs 3, see
invisible, carnivore 3, speed 1, shaggy fur 2, slow metabolism 1, sharp paws
a: Bend Space, Banish, Renounce Religion


You were in the Dungeon.
You worshipped Lugonu.
Lugonu was most pleased with you.
You were not hungry.

You visited 1 branch

Inventory:

Jewellery
 m - a +2 ring of evasion
 n - a +2 ring of protection
Wands
 l - a wand of acid (7/15)
Scrolls
 h - 2 scrolls of blinking
 j - 3 scrolls of remove curse
 k - 2 scrolls of amnesia
Potions
 a - a potion of might
 c - a potion of curing
 e - a potion of haste
 f - 4 potions of magic
 g - a potion of berserk rage
 i - a potion of invisibility
Comestibles
 b - a meat ration


   Skills:
 + Level 7.1 Fighting
 + Level 10.2 Dodging
 + Level 12.6 Unarmed Combat


You had 5 spell levels left.
You didn't know any spells.

Dungeon Overview and Level Annotations

Branches:
Dungeon (1/1)

Altars:
Cheibriados
Dithmenos
Elyvilon
Fedhas
Gozag
Hepliaklqana
Kikubaaqudgha
Makhleb
Nemelex Xobeh
Okawaru
Qazlal
Ru
Sif Muna
Trog
Uskayaw
Vehumet
Xom
Yredelemnul
Zin
The Shining One
Beogh
Jiyva
Lugonu


Innate Abilities, Weirdness & Mutations

You cannot wear armour.
You are incapable of wielding weapons or throwing items.
Your paws allow you to move quietly. (Stealth)
You have sharp claws.
You have razor-sharp teeth.
You have supernaturally acute eyesight. (SInv)
You are carnivorous and can eat meat at any time.
You cover ground quickly.
You are covered in thick fur. (AC +2)
You have a slow metabolism.
Your sharp claws are effective at attacking unaware monsters.


Message History

The centaur warrior hits you! x2
You scratch the centaur warrior but do no damage.
You bite the centaur warrior.
The centaur warrior is lightly wounded.
The centaur warrior hits you!
* * * LOW HITPOINT WARNING * * *
You feel better. The centaur warrior misses you.
You claw the centaur warrior!
The centaur warrior is moderately wounded.
The centaur warrior completely misses you.
You scratch the centaur warrior.
The centaur warrior is moderately wounded.
The centaur warrior misses you. The centaur warrior barely misses you.
You barely miss the centaur warrior.
The centaur warrior is moderately wounded.
The centaur warrior misses you.
You claw the centaur warrior!
The centaur warrior is heavily wounded.
The centaur warrior hits you!
You die...

▓▓▓▓▓▓▓▓▓▓▓▓▓▓▓▓▓▓▓▓▓▓▓▓▓▓▓▓
▓...........................
▓.▓▓▓▓▓▓▓▓▓▓▓▓▓▓▓▓▓▓▓▓▓▓▓▓▓▓
▓..'...(..'@cT..†'..[[[)|..'
▓▓▓▓▓▓▓▓▓▓▓▓▓▓▓▓▓▓▓▓▓▓▓▓▓▓▓▓


You could see a centaur warrior and a troll.

Vanquished Creatures
  A wraith (D)
  A water moccasin (D)
  An ice beast (D)
  A centaur (D)
  An ogre (D)
  2 hounds (D)
  A worker ant (D)
  2 adders (D)
  An ooze (D)
  An adder skeleton (D)
  An adder zombie (D)
  A leopard gecko (D)
  2 hobgoblins (D)
  A quokka (D)
  2 goblins (D)
  A leopard gecko zombie (D)
20 creatures vanquished.

Notes
Turn   | Place    | Note
-------+----------+-------------------------------------------
     0 | D        | equalderp2856 the Felid Fighter began the quest for the Orb.
     0 | D        | Reached XP level 1. HP: 10/10 MP: 2/2
    15 | D        | Reached skill level 5 in Unarmed Combat
    15 | D        | Reached XP level 2. HP: 14/14 MP: 3/3
    20 | D        | Noticed an ogre
    25 | D        | Killed an ogre
    25 | D        | Reached skill level 7 in Unarmed Combat
    25 | D        | Reached XP level 3. HP: 18/18 MP: 4/4
    25 | D        | Reached XP level 4. HP: 22/22 MP: 5/5
    34 | D        | Reached skill level 8 in Unarmed Combat
    57 | D        | Found a roughly hewn altar of Beogh.
    57 | D        | Found a snail-covered altar of Cheibriados.
    57 | D        | Found a shadowy altar of Dithmenos.
    57 | D        | Found a white marble altar of Elyvilon.
    57 | D        | Found a blossoming altar of Fedhas.
    57 | D        | Found an opulent altar of Gozag.
    58 | D        | Found a hazy altar of Hepliaklqana.
    59 | D        | Found a viscous altar of Jiyva.
    60 | D        | Found an ancient bone altar of Kikubaaqudgha.
    61 | D        | Found a corrupted altar of Lugonu.
    62 | D        | Found a burning altar of Makhleb.
    63 | D        | Found a sparkling altar of Nemelex Xobeh.
    64 | D        | Found an iron altar of Okawaru.
    65 | D        | Found a stormy altar of Qazlal.
    66 | D        | Found a sacrificial altar of Ru.
    67 | D        | Found a deep blue altar of Sif Muna.
    68 | D        | Found a bloodstained altar of Trog.
    69 | D        | Found a hide-covered altar of Uskayaw.
    70 | D        | Found a radiant altar of Vehumet.
    93 | D        | Found a shimmering altar of Xom.
    94 | D        | Found a basalt altar of Yredelemnul.
    95 | D        | Found a glowing silver altar of Zin.
    96 | D        | Found a glowing golden altar of the Shining One.
   249 | D        | Became a worshipper of Lugonu the Unformed
   249 | D        | Reached * piety under Lugonu
   280 | D        | Noticed a water moccasin
   280 | D        | Noticed a wraith
   288 | D        | Reached skill level 5 in Fighting
   293 | D        | Reached ** piety under Lugonu
   293 | D        | Reached skill level 9 in Unarmed Combat
   293 | D        | Reached XP level 5. HP: 26/26 MP: 6/6
   302 | D        | Killed a wraith
   302 | D        | Reached skill level 10 in Unarmed Combat
   302 | D        | Gained mutation: You are covered in thick fur. (AC +2) [Felid growth]
   302 | D        | Reached XP level 6. HP: 17/31 MP: 7/7
   310 | D        | Killed a water moccasin
   310 | D        | Reached skill level 11 in Unarmed Combat
   375 | D        | Noticed an ice beast
   375 | D        | Noticed a centaur warrior
   375 | D        | Noticed a troll
   377 | D        | Reached *** piety under Lugonu
   386 | D        | HP: 1/31 [troll (13)]
   386 | D        | Mangled by a troll
   387 | D        | Reached XP level 5. HP: -10/28 MP: 6/6
   466 | D        | Killed a centaur
   466 | D        | Reached skill level 12 in Unarmed Combat
   466 | D        | Reached XP level 6. HP: 27/33 MP: 7/7
   470 | D        | Killed an ice beast
   470 | D        | Reached skill level 10 in Dodging
   479 | D        | Slain by a centaur warrior

Skill      XL: |  1  2  3  4  5  6 |
---------------+-------------------+-----
Unarmed Combat | 5 7 9 12 11 | 12.6
Fighting       | 4 5 7 |  7.1
Dodging        | 6 7 8 10 | 10.2

Action                   |  1- 3 |  4- 6 || total
-------------------------+-------+-------++-------
Melee: Unarmed           |    14 |    62 ||    76
       Bite              |     4 |    12 ||    16
       Punch             |     1 |     4 ||     5
  Use: Potion            |       |     7 ||     7
Dodge: Dodged            |     9 |    56 ||    65
